 Dungeon Crawl Stone Soup version 0.28.0-53-g5a82cb258f (webtiles) character file.

Game seed: 7205823838314636869

28 Plasmagod the Grave Robber (level 3, -1/19 HPs)
             Began as a Deep Elf Necromancer on July 20, 2022.
             Slain by a gnoll
             ... wielding a +0 flail
              (5 damage)
             ... on level 2 of the Dungeon.
             The game lasted 00:02:53 (936 turns).

Plasmagod the Grave Robber (Deep Elf Necromancer)    Turns: 936, Time: 00:02:54

Health: -1/19      AC:  2    Str:  5    XL:     3   Next: 0%
Magic:  1/10       EV: 12    Int: 21    God:
Gold:   26         SH:  0    Dex: 15    Spells: 8/9 levels left

rFire   . . .      SeeInvis .   (no weapon)
rCold   . . .      Faith    .   (no shield)
rNeg    . . .      Spirit   .   a - +0 robe
rPois   .          Reflect  .   (no helmet)
rElec   .          Harm     .   (no cloak)
rCorr   .          Rampage  .   (no gloves)
Will    .....                   (no boots)
Stlth   ++........              (no amulet)
HPRegen 0.06/turn               b - ring of flight
MPRegen 0.12/turn               (no ring)

@: flying
A: no striking features
a: no special abilities


You were on level 2 of the Dungeon.
You visited 1 branch of the dungeon, and saw 2 of its levels.

You collected 26 gold pieces.

Inventory:

Armour
 a - a +0 robe (worn)
Jewellery
 b - a ring of flight (left hand)
Scrolls
 c - a scroll of immolation {unknown}
 d - a scroll of noise {unknown}
Potions
 e - a potion of invisibility {unknown}


   Skills:
 + Level 2.4 Dodging
 + Level 2.5 Stealth
 + Level 3.6 Spellcasting
 + Level 5.6 Necromancy


You had 8 spell levels left.
You knew the following spells:

 Your Spells              Type           Power      Damage    Failure   Level
a - Pain                  Necr           100%       1d9       1%          1

Your spell library contained the following spells:

 Spells                   Type           Power      Damage    Failure   Level
 Animate Skeleton         Necr           54%        N/A       1%          1
 Vampiric Draining        Necr           27%        2d7       3%          3
 Animate Dead             Necr           13%        N/A       12%         4
 Beastly Appendage        Tmut           6%         N/A       13%         1
 Wereblood                Tmut           3%         N/A       19%         2
 Agony                    Necr           27%        N/A       34%         5
 Spider Form              Tmut/Pois      3%         N/A       36%         3


Dungeon Overview and Level Annotations

Branches:
Dungeon (2/15)

Altars:

Shops:
D:1 !?:

Annotations:
D:2 Natasha


Message History

Aiming: Pain (safe; 1% risk of failure)
Press: ? - help, Q - select action Shift-Dir - straight line, f/p - gnoll
Aim: a gnoll, wielding a +0 whip (severely wounded, chance to affect: 88%)
The gnoll writhes in agony.
Aiming: Pain (safe; 1% risk of failure)
Press: ? - help, Q - select action Shift-Dir - straight line, f/p - gnoll
Aim: a gnoll, wielding a +0 whip (almost dead, chance to affect: 88%)
The gnoll writhes in agony.
You kill the gnoll!
You have reached level 3!
Your experience leads to an increase in your attributes!
Increase (S)trength, (I)ntelligence, or (D)exterity?
You feel clever. x2
Aiming: Pain (safe; 1% risk of failure)
Press: ? - help, Q - select action Shift-Dir - straight line, f - gnoll
Aim: a gnoll, wielding a +0 flail (chance to affect: 88%)
The gnoll writhes in agony.
A gnoll comes into view. It is wielding a +0 halberd.
A dart slug comes into view.
Aiming: Pain (safe; 1% risk of failure)
Press: ? - help, Q - select action Shift-Dir - straight line, f/p - gnoll
Aim: a gnoll, wielding a +0 flail (moderately wounded, chance to affect: 88%)
The gnoll writhes in agony.
The gnoll shouts!
Aiming: Pain (safe; 1% risk of failure)
Press: ? - help, Q - select action Shift-Dir - straight line, f/p - gnoll
Aim: a gnoll, wielding a +0 flail (heavily wounded, chance to affect: 88%)
The gnoll writhes in agony.
The gnoll hits you from afar with a +0 halberd!
Aiming: Pain (safe; 1% risk of failure)
Press: ? - help, Q - select action Shift-Dir - straight line, f/p - gnoll
Aim: a gnoll, wielding a +0 flail (heavily wounded, chance to affect: 88%)
The gnoll writhes in agony.
The gnoll misses you. The gnoll barely misses you.
Aiming: Pain (safe; 1% risk of failure)
Press: ? - help, Q - select action Shift-Dir - straight line, f/p - gnoll
Aim: a gnoll, wielding a +0 flail (severely wounded, chance to affect: 88%)
The gnoll barely resists.
The gnoll hits you with a +0 flail.
You die...

# #### #. ... .
..# # #.#.#.#
#####>#g#.##.#
.......@.gw..#
#####.#.#.#g.>.
#) #.#.# .. . #.
#.#.##.## #.###
#.#.##.#
##..###.#.##.#
##8..8##.#.##.#
#........#.##.#
#...>....#.##.##


You could see 3 gnolls and a dart slug.

Vanquished Creatures
  A gnoll (D:2)
  3 ball pythons (D:1)
  2 bats (D:1)
  An endoplasm (D:1)
  A hobgoblin (D:1)
  3 quokkas
  A frilled lizard (D:1)
  4 kobolds
  2 rats (D:1)
18 creatures vanquished.

Notes
Turn   | Place    | Note
-------+----------+-------------------------------------------
     0 | D:1      | Plasmagod the Deep Elf Necromancer began the quest for the
                  | Orb.
     0 | D:1      | Reached XP level 1. HP: 10/10 MP: 6/6
    83 | D:1      | Reached skill level 5 in Necromancy
   214 | D:1      | Found Syzamoa's Magic Scroll Emporium.
   278 | D:1      | Found Vul Hedduli's Distillery.
   415 | D:1      | Found Betuyrphu's Book Shop.
   422 | D:1      | Reached XP level 2. HP: 14/15 MP: 6/8
   727 | D:2      | Noticed Natasha
   932 | D:2      | Reached XP level 3. HP: 16/19 MP: 6/10
   936 | D:2      | Slain by a gnoll

Illustrated notes

Levels and vault maps discovered:
D:1:      minmay_arrival_statue_studded, layout_rooms, serial_shops,
          nicolae_shop_window_shopping, shop, nicolae_shop_advertising_works
          [nicolae_subvault_shop_adworks]
D:2:      layout_loops_ring, chequers_ecumenical_altar_twisty, st_stairs_6,
          grunt_ministairs_13, minmay_pentomino_w4, uniq_natasha

Skill      XL: |  1 |
---------------+----+-----
Necromancy     | 5 |  5.6
Dodging        | |  2.4
Stealth        | |  2.5
Spellcasting   | |  3.6

Action                   || total
-------------------------++-------
 Cast: Pain              ||    32
Dodge: Dodged            ||     3
